 Dungeon Crawl Stone Soup version 0.27.1-33-g824d729ab1 (webtiles) character file.

Game seed: 17819975102002716600

502 Gabide the Poker (level 7, -7/60 HPs)
             Began as a Human Monk on Dec 26, 2021.
             Killed by nerve-wracking pain
             ... invoked by Grinder
              (12 damage)
             ... while paralysed by Grinder
             ... on level 5 of the Dungeon.
             The game lasted 00:06:21 (4427 turns).

Gabide the Poker (Human Monk)                       Turns: 4427, Time: 00:06:22

Health: -7/60      AC:  6    Str: 13    XL:     7   Next: 40%
Magic:  7/7        EV:  2    Int: 10    God:
Gold:   139        SH:  0    Dex: 16    Spells: 6/6 levels left

rFire    + . .     SeeInvis .   p - +0 halberd
rCold    . . .     Faith    .   (shield currently unavailable)
rNeg     . . .     Spirit   .   g - +0 ring mail
rPois    .         Reflect  .   (no helmet)
rElec    .         Harm     .   (no cloak)
rCorr    .         Rampage  .   (no gloves)
Will     .....     Rnd*Tele +   h - +0 pair of boots
Stlth    ++........             i - amulet of regeneration
HPRegen  1.20/turn              m - ring of protection from fire
MPRegen  0.10/turn              (no ring)

@: paralysed
A: fangs 1, robust 1, teleportitis 1
a: no special abilities


You were on level 5 of the Dungeon.
You visited 1 branch of the dungeon, and saw 5 of its levels.

You collected 241 gold pieces.
You spent 102 gold pieces at shops.

Inventory:

Hand Weapons
 p - a +0 halberd (weapon)
Armour
 b - a +0 robe
 g - a +0 ring mail (worn)
 h - a +0 pair of boots (worn)
Jewellery
 i - an amulet of regeneration (around neck)
 k - an amulet of guardian spirit
 m - a ring of protection from fire (left hand)
Scrolls
 l - a scroll of identify
 n - a scroll of teleportation
Potions
 f - a potion of cancellation
 j - a potion of mutation
 o - 2 potions of berserk rage {unknown}


   Skills:
 * Level 4.7 Fighting
 + Level 5.0 Polearms
 + Level 2.2 Armour
 + Level 4.1 Dodging
 + Level 3.4 Stealth


You had 6 spell levels left.
You didn't know any spells.
Your spell library contained the following spells:

 Spells                   Type           Power      Damage    Failure   Level
 Corpse Rot               Necr/Air       N/A        N/A       77%         2
 Dispel Undead            Necr           0%         3d6       100%        4
 Iskenderun's Battlesphe  Conj           0%         2d6       100%        5
 Death Channel            Necr           0%         N/A       100%        6
 Iron Shot                Conj/Erth      0%         9d1       100%        6
 Spellforged Servitor     Conj/Summ      0%         N/A       100%        7


Dungeon Overview and Level Annotations

Branches:
Dungeon (5/15)
 Temple: D:4-7

Altars:
Qazlal
Sif Muna

Shops:
D:1 !!=(   D:2 *

Annotations:
D:5 Dowan, Duvessa, Grinder


Innate Abilities, Weirdness & Mutations

You have very sharp teeth.
You are robust. (+10% HP)
You are occasionally teleported next to monsters.


Message History

Your ring mail prevents you from hitting Grinder.
Grinder is severely wounded.
Grinder gestures at you. Pain shoots through your body!
You barely miss Grinder.
Grinder is severely wounded.
Grinder hits you. Grinder hits you!
* * * LOW HITPOINT WARNING * * *
You writhe in agony.
* * * LOW HITPOINT WARNING * * *
You feel better. Grinder hits you.
* * * LOW HITPOINT WARNING * * *
You writhe in agony.
* * * LOW HITPOINT WARNING * * *
You feel better. Grinder closely misses you.
You feel better. Grinder closely misses you.
You hit Grinder.
Grinder is severely wounded.
Grinder hits you!
You writhe in agony.
You puncture Grinder!
Grinder is almost dead.
Grinder hits you.
* * * LOW HITPOINT WARNING * * *
You writhe in agony.
* * * LOW HITPOINT WARNING * * *
It was a potion of cancellation.
You feel magically purged. Grinder barely misses you.
It was a potion of mutation.
You feel extremely strange.
You feel robust.
You feel weirdly uncertain.
Your teeth lengthen and sharpen.
Grinder gestures at you. Pain shoots through your body!
* * * LOW HITPOINT WARNING * * *
You closely miss Grinder.
Grinder is almost dead.
Grinder gestures at you.
You suddenly lose the ability to move!
Grinder hits you but does no damage. Grinder gestures at you.
Pain shoots through your body!
You die...

..........#
#.........#+###
#.............#
#..§.§!.......#
#..§..........#
#..§..........#
#..§§§§§§.....#
#...§.@5§.....#
#....§§§§.....#
##########......
######


You could see Grinder.

Vanquished Creatures
  A centaur (D:5)
  2 scorpions (D:3)
  A jelly (D:4)
  2 hounds
  An iguana (D:3)
  4 gnolls (D:4)
  5 adders
  An adder skeleton (D:4)
  2 worms
  An orc (D:3)
  9 endoplasms
  4 giant cockroaches
  9 goblins
  12 hobgoblins
  9 jackals
  7 quokkas
  4 ball pythons
  8 bats
  5 frilled lizards
  5 kobolds
  3 rats
95 creatures vanquished.

Notes
Turn   | Place    | Note
-------+----------+-------------------------------------------
     0 | D:1      | Gabide the Human Monk began the quest for the Orb.
     0 | D:1      | Reached XP level 1. HP: 18/18 MP: 1/1
    15 | D:1      | Found Vuostraips's Jewellery Boutique.
   313 | D:1      | Reached XP level 2. HP: 24/24 MP: 2/2
   417 | D:1      | Found Koceyddo's Distillery.
   586 | D:1      | Found Imix Xim's General Store.
   809 | D:1      | Reached XP level 3. HP: 27/29 MP: 3/3
  1135 | D:1      | Found Gouthes's Distillery.
  1140 | D:1      | Bought a potion of curing for 30 gold pieces
  1343 | D:1      | Found Ciaroab's Weapon Shop.
  1977 | D:2      | Reached XP level 4. HP: 35/35 MP: 4/4
  2328 | D:2      | Found Ybeucues's Assorted Antiques.
  2336 | D:2      | Bought a pair of boots for 72 gold pieces
  2838 | D:3      | Reached skill level 4 in Polearms
  2838 | D:3      | Reached XP level 5. HP: 29/41 MP: 5/5
  3257 | D:3      | Found a stormy altar of Qazlal.
  3467 | D:3      | Reached skill level 1 in Armour
  3467 | D:3      | Reached XP level 6. HP: 35/48 MP: 6/6
  4013 | D:4      | Reached XP level 7. HP: 45/55 MP: 7/7
  4220 | D:4      | Found a shimmering blue altar of Sif Muna.
  4246 | D:5      | Entered Level 5 of the Dungeon
  4271 | D:5      | Reached skill level 5 in Polearms
  4383 | D:5      | Noticed Duvessa
  4383 | D:5      | Noticed Dowan
  4398 | D:5      | Noticed Grinder
  4424 | D:5      | Gained mutation: You are robust. (+10% HP) [potion of
                  | mutation]
  4424 | D:5      | Gained mutation: You are occasionally teleported next to
                  | monsters. [potion of mutation]
  4424 | D:5      | Gained mutation: You have very sharp teeth. [potion of
                  | mutation]
  4424 | D:5      | HP: 1/60 [Grinder/nerve-wracking pain (12)]
  4425 | D:5      | Paralysed by Grinder for 6 turns
  4427 | D:5      | Killed from afar by Grinder

Illustrated notes

Levels and vault maps discovered:
D:1:      lemuel_arrival_hallway, layout_loops_ring, serial_shops, shop,
          nicolae_square_shop, nicolae_shop_crystal, shop, shop
D:2:      layout_loops_ring, serial_shops, nicolae_shop_trees,
          grunt_ministairs_12
D:3:      layout_rooms, grunt_qazlal_sundering
D:4:      cheibrodos_greedy_goblins, layout_cave_pools, lemuel_blue_sif_altar
D:5:      layout_basic, kennysheep_small_spiral, uniq_grinder, uniq_duvessa

Skill      XL: |  1  2  3  4  5  6  7 |
---------------+----------------------+-----
Polearms       | 4 5 |  5.0
Stealth        | 3 |  3.4
Fighting       | 4 |  4.7
Armour         | 1 2 |  2.2
Dodging        | 4 |  4.1

Action                   |  1- 3 |  4- 6 |  7- 9 || total
-------------------------+-------+-------+-------++-------
Melee: Spear             |   137 |   108 |       ||   245
       Trident           |       |    84 |       ||    84
       Halberd           |       |    29 |    66 ||    95
  Use: Scroll            |     5 |     1 |     2 ||     8
       Potion            |     1 |     2 |     6 ||     9
 Stab: Sleeping          |     6 |     7 |     4 ||    17
Armor: Robe              |    20 |     6 |       ||    26
       Ring mail         |       |    53 |    30 ||    83
Dodge: Dodged            |    78 |   125 |    80 ||   283
